 Dungeon Crawl Stone Soup version 0.29-a0-973-gac7da5f7f0 (webtiles) character file.

Game seed: 8263637433674885745

124 dracfodder the Chiller (level 5, -2/28 HPs)
             Began as a Gargoyle Ice Elementalist on July 31, 2022.
             Slain by a goblin
             ... wielding a +0 club
             ... led by Robin
              (4 damage)
             ... on level 3 of the Dungeon.
             The game lasted 00:15:27 (3188 turns).

dracfodder the Chiller (Gargoyle Ice Elementalist)  Turns: 3188, Time: 00:15:27

Health: -2/28      AC:  7    Str: 11    XL:     5   Next: 8%
Magic:  1/9        EV: 12    Int: 24    God:
Gold:   107        SH:  0    Dex: 10    Spells: 2/10 levels left

rFire   . . .      SeeInvis .   c - +0 long sword (vorpal)
rCold   . . .      Faith    .   (no shield)
rNeg    + + .      Spirit   .   a - +0 robe
rPois   ∞          Reflect  .   (no helmet)
rElec   +          Harm     .   (no cloak)
rCorr   .          Rampage  .   (no gloves)
Will    .....                   k - +0 pair of boots
Stlth   ++........              (no amulet)
HPRegen 0.09/turn               e - ring "Ham Mas" {rN+ Int+6}
MPRegen 0.11/turn               (no ring)

@: no status effects
A: sickness immunity, AC +4, negative energy resistance 1, electricity
resistance, torment resistance 1, petrification resistance
a: no special abilities


You were on level 3 of the Dungeon.
You visited 1 branch of the dungeon, and saw 3 of its levels.

You collected 107 gold pieces.

Inventory:

Hand Weapons
 c - a +0 vorpal long sword (weapon)
 j - a +2 dagger of holy wrath
Missiles
 f - 4 poisoned darts
Armour
 a - a +0 robe (worn)
 k - a +0 pair of boots (worn)
Magical Staves
 d - a staff of conjuration
Jewellery
 e - the ring "Ham Mas" (left hand) {rN+ Int+6}
   (You acquired it on level 2 of the Dungeon)

   [ring of positive energy]

   Int:       It affects your intelligence (+6).
   rN:        It protects you from negative energy.
Scrolls
 h - a scroll of vulnerability {unknown}
 i - a scroll of butterflies
Potions
 b - a potion of magic
 g - a potion of flight
 l - a potion of berserk rage {unknown}


   Skills:
 + Level 0.5 Long Blades
 + Level 1.7 Dodging
 + Level 2.6 Stealth
 + Level 3.3 Spellcasting
 + Level 0.1 Summonings
 + Level 5.1 Ice Magic


You had 2 spell levels left.
You knew the following spells:

 Your Spells              Type           Power      Damage    Failure   Level
a - Freeze                Ice            100%       1d11      1%          1
b - Frozen Ramparts       Ice            56%        1d7       3%          3
c - Ozocubu's Armour      Ice            28%        N/A       3%          3
d - Summon Small Mammal   Summ           16%        N/A       10%         1

Your spell library contained the following spells:

 Spells                   Type           Power      Damage    Failure   Level
 Beastly Appendage        Tmut           6%         N/A       11%         1
 Necrotise                Necr           12%        1d4       11%         1
 Wereblood                Tmut           3%         N/A       16%         2
 Call Canine Familiar     Summ           4%         N/A       30%         3
 Summon Guardian Golem    Hex/Summ       4%         N/A       30%         3
 Spider Form              Tmut/Pois      3%         N/A       32%         3
 Vampiric Draining        Necr           3%         2d6       32%         3
 Hailstorm                Conj/Ice       16%        3d6       36%         4
 Agony                    Necr           3%         N/A       96%         5


Dungeon Overview and Level Annotations

Branches:
Dungeon (3/15)

Altars:

Shops:
D:2 *

Annotations:
D:3 Robin, Sigmund


Innate Abilities, Weirdness & Mutations

You are immune to sickness and miasma.
Your stone body is resilient. (AC +4)
You are immune to poison.
You resist negative energy. (rN+)
You are resistant to electric shocks. (rElec)
You are resistant to unholy torment.
You are immune to petrification.


Message History

The goblin moves out of view.
The goblin shoots a sling bullet.
The sling bullet closely misses you.
The goblin shouts!
Robin of the Strong Arm comes into view.
They are wielding a +0 mace.
The goblin closely misses you.
Aiming: Freeze (safe; 1% risk of failure)
Press: ? - help, Q - select action, (/) - cycle Shift-Dir - straight line, f - goblin
Aim: a goblin, wielding a +0 club You freeze the goblin!
You kill the goblin!
Robin's bangles clink loudly.
Robin throws the goblin at you! The goblin barely misses you. x2
You don't have enough magic to cast this spell.
Unknown command.
You hit the goblin.
You kill the goblin!
The goblin hits you with a +0 club.
You barely miss the goblin. The goblin misses you.
The goblin barely misses you.
Robin roars a battlecry!
The goblins go into a battle-frenzy!
You closely miss the goblin.
You feel yourself speed up. The goblin hits you with a +0 club.
The goblin barely misses you.
Unknown command.
You barely miss the goblin. You punch the goblin.
The goblin is moderately wounded.
Robin throws the goblin at you! The goblin closely misses you.
The goblin unwields a +0 sling.
The goblin wields a +0 club.
The goblin barely misses you.
You barely miss the goblin.
Robin says, "My army is invincible!"
The goblin hits you with a +0 club.
* * * LOW HITPOINT WARNING * * *
The goblin barely misses you. The goblin hits you with a +0 club.
* * * LOW HITPOINT WARNING * * *
Unknown command.
You barely miss the goblin. The goblin hits you but does no damage.
The goblin hits you with a +0 club.
You die...

########.###.##.#
...............
##...##.###.##.#
................
##...###.##.##.
### #.# #.## #.g#
##@# #g#
gh.....g†......
.g.............
.g...$.........
#++............
#............
#............
#............


You could see Robin and 2 goblins.

Vanquished Creatures
  Natasha (D:3)
  4 adders
  A worm (D:2)
  A dart slug (D:1)
  5 endoplasms
  2 giant cockroaches
  12 goblins
  8 hobgoblins
  2 quokkas (D:2)
  4 ball pythons
  2 bats
  5 frilled lizards
  6 kobolds
  3 rats (D:1)
56 creatures vanquished.

Vanquished Creatures (others)
  3 plants (D:1)
3 creatures vanquished.

Grand Total: 59 creatures vanquished

Notes
Turn   | Place    | Note
-------+----------+-------------------------------------------
     0 | D:1      | dracfodder the Gargoyle Ice Elementalist began the quest
                  | for the Orb.
     0 | D:1      | Reached XP level 1. HP: 10/10 MP: 3/3
   230 | D:1      | Reached XP level 2. HP: 15/15 MP: 3/5
   716 | D:1      | Found a faded altar of an unknown god.
   936 | D:1      | Reached XP level 3. HP: 12/19 MP: 2/6
  1262 | D:1      | Learned a level 3 spell: Frozen Ramparts
  1695 | D:2      | Reached XP level 4. HP: 23/24 MP: 2/8
  1703 | D:2      | Learned a level 3 spell: Ozocubu's Armour
  2074 | D:2      | Identified a scroll of acquirement
  2076 | D:2      | Acquired the ring "Ham Mas" {rN+ Int+6}
  2081 | D:2      | Learned a level 1 spell: Summon Small Mammal
  2138 | D:2      | Found Qesih's General Store.
  2884 | D:3      | Noticed Sigmund
  3133 | D:3      | Noticed Natasha
  3170 | D:3      | Killed Natasha
  3171 | D:3      | Reached skill level 5 in Ice Magic
  3174 | D:3      | Reached XP level 5. HP: 20/28 MP: 1/9
  3181 | D:3      | Noticed Robin
  3188 | D:3      | Slain by a goblin

Illustrated notes

Levels and vault maps discovered:
D:1:      saegor_arrival_under_anarchy, layout_loops_ring,
          basic_ecumenical_altar, minmay_door_square, lexackson_kobold_supper
D:2:      layout_loops_cross, serial_co_window_serial, co_window_paths_a,
          co_window_paths_a, co_window_paths_a, co_window_corner_a,
          co_window_corner_a, co_window_corner_cb, co_window_corner_b,
          co_window_of_opportunity_c, co_window_broadway_c,
          co_window_broadway_b, co_window_broadway_c, co_window_paths_d,
          glass_columns_b, glass_columns_a, glass_columns_a, glass_columns_a,
          serial_shops, nicolae_shop_trees
D:3:      layout_basic, serial_shops, nicolae_shop_bloodbath_and_beyond,
          minmay_crystal_room, uniq_grinder, uniq_sigmund, uniq_natasha,
          uniq_robin

Skill      XL: |  1  2  3  4 |
---------------+-------------+-----
Spellcasting   | 3 |  3.3
Ice Magic      | 5 |  5.1
Long Blades    | |  0.5
Dodging        | |  1.7
Stealth        | |  2.6
Summonings     | |  0.1

Action                   |  1- 3 |  4- 6 || total
-------------------------+-------+-------++-------
Melee: Long sword        |     6 |    12 ||    18
       Punch             |       |     1 ||     1
Throw: Dart              |       |     2 ||     2
 Cast: Freeze            |    35 |    15 ||    50
       Frozen Ramparts   |     8 |     5 ||    13
       Summon Small Mamm |       |     1 ||     1
       Ozocubu's Armour  |       |     1 ||     1
  Use: Scroll            |       |     7 ||     7
Armor: Robe              |     4 |     6 ||    10
Dodge: Dodged            |     9 |    27 ||    36

Table legend: (Time is in decaauts)
 A = Elapsed time spent in this place.
 B = Non-inter-level travel time spent in this place.
 C = Inter-level travel time spent in this place.
 D = Time resting spent in this place.
 E = Time spent auto-exploring this place.
 F = Levels seen in this place.
 G = Mean time per level.
                   A        B        C        D        E       F      G
               +--------+--------+--------+--------+--------+-----+--------+
         Total |   3207 |   3103 |    104 |    560 |   2029 |   3 | 1069.0 |
       Dungeon |   3207 |   3103 |    104 |    560 |   2029 |   3 | 1069.0 |
               +--------+--------+--------+--------+--------+-----+--------+

Top non-repeatable levels by time:
     D:2: 1606 daAuts
     D:1: 1262 daAuts
     D:3: 339 daAuts
